Map: Ruins of Seras

Players

NoPinSea (Probe)

  • Race: Protoss Protoss
  • League: Master

KingkOng - Winner!

  • Race: Zerg Zerg
  • League: Grandmaster

Event: 2016 WCS Winter Challenger Oceania SEA

VOD

Have the link to the VOD?

Description

Time

  • Played on: Feb. 12, 2016, 8:10 p.m.
  • Length: 10:30

All games in this series

Show
View Real Time Build Order
Export as new Build Order

NoPinSea Protoss 

Build Orders: 1 Gate Expand, Phoenix Opening 

Get SALT Encoding   

  12  0:01  Probe (Chrono Boost)  
  13  0:11  Probe (Chrono Boost)  
  14  0:18  Pylon  
  14  0:22  Probe (Chrono Boost)  
  15  0:36  Probe (Chrono Boost)  
  15  0:37  Gateway  
  16  0:47  Probe (Chrono Boost)  
  17  0:51  Assimilator  
  17  0:57  Probe (Chrono Boost)  
  18  1:08  Probe (Chrono Boost)  
  19  1:22  Nexus  
  20  1:25  Probe (Chrono Boost)  
  20  1:35  Cybernetics Core  
  20  1:39  Probe (Chrono Boost)  
  21  1:47  Assimilator  
  21  1:50  Probe (Chrono Boost)  
  21  1:53  Pylon  
  22  2:00  Probe (Chrono Boost)  
  23  2:12  Probe (Chrono Boost)  
  23  2:14  Warp Gate  
  26  2:17  Adept (Chrono Boost)  
  26  2:23  Probe  
  27  2:35  Stargate  
  27  2:37  Probe x2 (Chrono Boost)  
  27  2:40  Adept  
  31  2:48  Probe x2 (Chrono Boost)  
  33  2:59  Probe (Chrono Boost), Pylon  
  33  3:04  Mothership Core (Chrono Boost)  
  36  3:07  Adept  
  36  3:09  Probe (Chrono Boost)  
  39  3:19  Probe (Chrono Boost)  
  40  3:20  Probe (Chrono Boost)  
  40  3:21  Phoenix (Chrono Boost)  
  43  3:31  Probe x2  
  45  3:34  Adept  
  47  3:41  Probe  
  47  3:42  Pylon  
  48  3:55  Phoenix (Chrono Boost)  
  49  3:56  Probe  
  50  4:03  Forge  
  50  4:04  Gateway  
  50  4:07  Gateway  
  50  4:11  Probe  
  50  4:12  Probe  
  50  4:13  Pylon  
  52  4:19  Phoenix (Chrono Boost)  
  52  4:22  Probe  
  52  4:23  Sentry  
  57  4:24  Probe  
  57  4:33  Probe  
  57  4:34  Assimilator  
  57  4:36  Probe, Assimilator  
  59  4:41  Phoenix (Chrono Boost)  
  59  4:43  Probe  
  62  4:48  Probe  
  63  5:01  Probe  
  63  5:06  Nexus  
  64  5:07  Probe  
  64  5:08  Pylon  
  64  5:11  Pylon  
  64  5:13  Adept  
  65  5:15  Protoss Ground Weapons Level 1  
  65  5:16  Probe  
  65  5:17  Probe  
  65  5:19  Phoenix (Chrono Boost)  
  63  5:26  Adept  
  63  5:28  Probe x2  
  66  5:40  Probe  
  66  5:42  Adept x2  
  71  5:45  Probe  
  72  5:50  Twilight Council  
  72  5:52  Probe  
  72  5:53  Robotics Facility  
  73  5:58  Probe, Phoenix (Chrono Boost)  
  76  6:09  Probe  
  75  6:15  Probe  
  76  6:19  Phoenix (Chrono Boost)  
  76  6:20  Probe  
  76  6:21  Probe  
  78  6:26  Probe  
  73  6:33  Probe  
  73  6:35  Charge (Chrono Boost)  
  73  6:36  Zealot x3  
  80  6:40  Gateway  
  80  6:43  Immortal (Chrono Boost)  
  80  6:44  Gateway x2  
  80  6:46  Probe  
  80  6:47  Probe x2  
  85  6:55  Protoss Ground Weapons Level 2  
  85  6:59  Probe x2  
  85  7:00  Probe, Adept x3  
  92  7:14  Immortal  
  92  7:17  Gateway  
  92  7:21  Pylon  
  92  7:22  Sentry x2  
  98  7:25  Probe, Pylon  
  97  7:32  Probe x2  
  97  7:34  Assimilator  
  97  7:35  Assimilator  
  97  7:37  Photon Cannon, Adept  
  99  7:42  Zealot x3  
  107  7:50  Observer  
  107  7:56  Zealot x2  
  112  8:02  Templar Archives  
  112  8:03  Pylon  
  112  8:05  Pylon  
  112  8:07  Pylon  
  112  8:08  Robotics Facility  
  112  8:14  Immortal  
  112  8:16  Nexus  
  112  8:17  Adept x4  
  116  8:20  Resonating Glaives (Chrono Boost)  
  116  8:25  Pylon  
  116  8:34  Zealot x2  
  120  8:44  Probe x2  
  120  8:45  Pylon  
  120  8:47  Pylon  
  122  8:48  Adept  
  122  8:49  Adept  
  134  8:55  Immortal (Chrono Boost)  
  134  8:57  High Templar  
  134  8:59  Immortal (Chrono Boost)  
  130  9:03  High Templar  
  130  9:04  Zealot x2  
  130  9:09  Archon  
  134  9:12  Zealot x2  
  136  9:28  Zealot  
  136  9:29  Zealot  
  141  9:31  Observer (Chrono Boost)  
  141  9:34  Adept x3  
  147  9:41  Adept  
  147  9:53  Adept  
  147  9:54  Adept x2  
  147  9:56  Adept x2  
  146  10:08  Zealot  
Show
View Real Time Build Order
Export as new Build Order

KingkOng Zerg - Winner!

Build Orders: 3 Hatch before Pool, Lurkers 

Get SALT Encoding   

  12  0:00  Drone  
  13  0:14  Overlord  
  13  0:17  Drone  
  14  0:32  Drone x2  
  16  0:35  Drone  
  17  0:53  Hatchery  
  17  0:56  Drone  
  17  0:59  Drone  
  18  1:22  Hatchery  
  18  1:23  Drone  
  18  1:28  Extractor  
  17  1:38  Spawning Pool  
  16  1:41  Drone  
  16  1:44  Drone  
  18  1:47  Drone  
  18  1:52  Drone  
  20  2:02  Drone  
  20  2:05  Drone  
  22  2:13  Overlord  
  22  2:24  Queen x2  
  22  2:29  Metabolic Boost  
  26  2:37  Queen  
  26  2:40  Drone  
  26  2:43  Zergling x2  
  30  2:45  Zergling x2  
  30  2:48  Zergling x2  
  30  2:49  Zergling x2  
  33  2:52  Drone  
  33  2:55  Drone  
  33  2:58  Drone  
  36  3:06  Drone  
  36  3:07  Drone  
  36  3:09  Overlord  
  36  3:10  Drone  
  39  3:13  Drone  
  39  3:18  Drone x2  
  42  3:23  Overlord  
  42  3:28  Drone  
  42  3:29  Drone x3  
  46  3:35  Drone x2  
  46  3:37  Overlord  
  46  3:39  Drone x2  
  49  3:49  Drone x2  
  50  3:56  Drone x4  
  50  3:57  Drone x3  
  50  4:00  Extractor  
  50  4:02  Roach Warren  
  54  4:05  Overlord  
  54  4:09  Drone x3  
  57  4:11  Overlord  
  57  4:16  Overlord  
  57  4:23  Lair  
  57  4:25  Spore Crawler  
  57  4:26  Spore Crawler  
  57  4:28  Drone x4, Spore Crawler  
  57  4:30  Drone  
  57  4:31  Drone  
  60  4:35  Extractor  
  59  4:39  Drone  
  59  4:40  Drone x5  
  65  4:45  Overlord, Extractor  
  65  4:46  Extractor  
  65  4:47  Zergling x4  
  65  4:51  Drone, Zergling x2  
  66  4:54  Zergling x2  
  65  5:02  Zergling x2  
  60  5:16  Queen  
  58  5:26  Hydralisk Den  
  56  5:35  Drone  
  56  5:36  Drone x5  
  56  5:39  Extractor  
  59  5:44  Overlord  
  59  5:46  Queen  
  61  5:51  Zergling x2  
  61  5:52  Zergling x14  
  61  5:53  Queen  
  61  5:55  Queen  
  71  5:57  Muscular Augments  
  71  5:58  Hydralisk x2  
  75  6:04  Hydralisk x2  
  75  6:08  Hydralisk  
  80  6:16  Hydralisk  
  79  6:21  Hydralisk x2  
  79  6:31  Hydralisk x2  
  80  6:33  Overlord  
  80  6:34  Overlord x2  
  80  6:36  Overlord  
  80  6:44  Overlord  
  80  6:47  Overlord  
  77  6:55  Hydralisk  
  77  6:57  Overlord  
  77  7:00  Overlord  
  77  7:13  Lurker Den  
  77  7:14  Hydralisk  
  77  7:15  Hydralisk x5  
  89  7:21  Hydralisk x2  
  93  7:26  Hydralisk x2  
  97  7:34  Hydralisk x2  
  97  7:35  Hydralisk  
  103  7:43  Overseer  
  102  7:49  Hydralisk  
  102  7:50  Hydralisk  
  106  7:57  Hydralisk x3  
  106  7:58  Hydralisk x2  
  112  8:27  Hydralisk x3  
  118  8:39  Lurker x2  
  118  8:40  Lurker x9  
  130  8:41  Zergling x4  
  130  8:42  Zergling x14  
  130  8:44  Overseer  
  130  8:47  Hydralisk  
  140  8:51  Overlord  
  140  9:06  Zergling x12  
  146  9:10  Spire  
  146  9:12  Zergling x4  
  145  9:23  Zergling x12  
  150  9:25  Zergling x2  
  150  9:27  Zergling x4  
  143  9:52  Zergling x8  
  146  9:53  Zergling x14  
Tags
 
Add a new tag
Caveats
  • Supply blocks, unpowered buildings, or Contaminate may cause inaccurate times.
  • Supply counts are checked every 10 seconds.